 Dungeon Crawl Stone Soup version 0.32-a0-172-gc5dd13f2a7 (webtiles) character file.

Game seed: 6605355731583842710

293101 cforsyth the Warrior (level 21, -10/166 HPs)
             Began as a Djinni Hexslinger on Feb 12, 2024.
             Killed by an exploding dire elephant (15 damage)
             ... ignited by their inner flame
             ... on level 3 of the Vaults on Feb 13, 2024.
             The game lasted 02:26:27 (52017 turns).

cforsyth the Warrior (Djinni Hexslinger)           Turns: 52017, Time: 02:26:28

Health: -10/166    AC: 14    Str:  7    XL:     21   Next: 71%
Gold:   2521       EV: 20    Int: 27    God:
                   SH:  9    Dex: 18

rFire   + + .        a - staff of conjuration {!a}
rCold   + . .        w - +2 buckler
rNeg    + + .        B - +0 troll leather armour
rPois   ∞            O - +2 hat {Int+3}
rElec   .            K - +1 cloak "Lacsuw" {^Contam rC++ rN+ rCorr}
rCorr   +            X - +2 pair of gloves
SInv    .            (boots unavailable)
Will    ++...        H - amulet of regeneration
Stlth   +            T - +4 ring of protection
HPRegen 2.07/turn    N - ring of positive energy
MPRegen 0.00/turn

%: infuse magic (-11 HP)
@: flying
A: sickness immunity, fire resistance 2, cold vulnerability 1, float, innate
caster, HP casting, extra vitality 1
}: 2/15 runes: decaying, gossamer
a: no special abilities


You were on level 3 of the Vaults.
You visited 7 branches of the dungeon, and saw 35 of its levels.
You also visited: Ice Cave and Volcano.

You collected 3826 gold pieces.
You spent 1305 gold pieces at shops.


Innate Abilities, Weirdness & Mutations

You are immune to sickness and miasma.
You are immune to poison.
Your flesh is very heat resistant. (rF++)
You are vulnerable to cold. (rC-)
You float through the air rather than walking.
You learn spells naturally, not from books.
Your magical power is your life essence.
You have superior vitality. (+4 MHP)


   Skills:
 - Level 19.5 Fighting
 - Level 1.5 Ranged Weapons
 - Level 15.8 Dodging
 - Level 12.0 Shields
 + Level 19.5 Spellcasting
 + Level 19.5 Conjurations
 + Level 19.5 Hexes
 + Level 19.5 Summonings
 + Level 19.5 Necromancy
 + Level 19.5 Translocations
 + Level 19.5 Fire Magic
 + Level 19.5 Ice Magic
 + Level 19.5 Air Magic
 + Level 19.5 Earth Magic
 + Level 19.5 Alchemy


You knew the following spells:

 Your Spells              Type           Power      Damage    Failure   Level
a - Volatile Blastmotes   Fire/Tloc      100%       2d18      0%          3
b - Iskenderun's Battles  Conj           100%       2d15      1%          5
c - Cause Fear            Hex            46%        N/A       0%          4
d - Conjure Ball Lightni  Conj/Air       57%        3x3d21    1%          6
e - Ensorcelled Hibernat  Hex/Ice        100%       N/A       0%          2
f - Inner Flame           Hex/Fire       93%        N/A       0%          3
g - Enfeeble              Hex            46%        N/A       1%          7
h - Summon Horrible Thin  Summ           46%        N/A       7%          8
i - Call Imp              Summ           100%       N/A       0%          2
m - Magic Dart            Conj           100%       1d8       0%          1
s - Sculpt Simulacrum     Ice/Alch       46%        N/A       1%          6
y - Sticky Flame          Fire/Alch      93%        2d14      0%          4
X - Jinxbite              Hex            100%       N/A       0%          2
Y - Sigil of Binding      Hex            93%        N/A       0%          3
Z - Dimensional Bullseye  Hex/Tloc       46%        N/A       0%          4
Your spell library was empty.

Inventory:

Armour
 w - a +2 buckler (worn)
 B - a +0 troll leather armour (worn)
 I - a +0 troll leather armour
 K - the +1 cloak "Lacsuw" (worn) {^Contam rC++ rN+ rCorr}
   (You bought it in a shop on level 1 of the Orcish Mines)

   rC++:      It greatly protects you from cold.
   rN+:       It protects you from negative energy.
   ^Contam:   It causes magical contamination when unequipped.
   rCorr:     It protects you from acid and corrosion.
 O - a +2 hat of intelligence (worn)
 X - a +2 pair of gloves (worn)
Magical Staves
 a - a staff of conjuration (weapon) {!a}
Jewellery
 C - a ring of protection from cold
 H - an amulet of regeneration (around neck)
 L - the ring of Roaschon {Ice ^Contam rN++ Str+3 Int+2}
   (You found it in an ice cave)

   [ring of ice]

   Ice:       It enhances your ice magic.
   Str+3:     It affects your strength (+3).
   Int+2:     It affects your intelligence (+2).
   rF-:       It makes you vulnerable to fire.
   rC+:       It protects you from cold.
   rN++:      It greatly protects you from negative energy.
   ^Contam:   It causes magical contamination when unequipped.
 N - a ring of positive energy (right hand)
 Q - the amulet "Ciyfralu" {Rampage *Corrode rN+ Regen+}
   (You found it in an ice cave)

   [amulet of regeneration]

   rN+:       It protects you from negative energy.
   Regen+:    It increases your rate of health regeneration.
   *Corrode:  It may corrode you when you take damage.
   Rampage:   It bestows one free step when moving towards enemies.
 R - a ring of resist corrosion
 T - a +4 ring of protection (left hand)
Wands
 g - a wand of quicksilver (3)
 j - a wand of flame (109)
 m - a wand of polymorph (30)
 o - a wand of digging (2)
 u - a wand of roots (28)
 G - a wand of mindburst (34)
 P - a wand of charming (22)
Scrolls
 b - 3 scrolls of poison
 e - 2 scrolls of fear
 f - 3 scrolls of enchant armour
 p - 4 scrolls of blinking
 r - 2 scrolls of summoning
 t - 4 scrolls of fog
 y - 2 scrolls of immolation
 z - 2 scrolls of revelation
 A - 11 scrolls of teleportation {@r2}
 E - a scroll of torment
 V - 9 scrolls of vulnerability
 Z - a scroll of silence {!r}
Potions
 c - a potion of resistance
 d - 14 potions of curing {@q1}
 h - 2 potions of cancellation
 i - 7 potions of haste {@q3}
 k - a potion of berserk rage {!q}
 l - 6 potions of mutation
 n - 4 potions of lignification
 q - 4 potions of attraction
 v - 5 potions of enlightenment
 D - 7 potions of might
 F - 5 potions of invisibility
 M - 7 potions of ambrosia
 W - 5 potions of brilliance
Miscellaneous
 s - a phial of floods
 x - a sack of spiders
 J - a phantom mirror
 U - a lightning rod (4/4)
 Y - a condenser vane

Dungeon Overview and Level Annotations

Branches:
Dungeon (15/15)            Temple (0/1) D:6            Lair (5/5) D:8
  Swamp (4/4) Lair:3       Spider (4/4) Lair:3        Slime (0/5) Lair:4
    Orc (2/2) D:9             Elf (1/3) Orc:2        Vaults (4/5) D:14
 Depths (0/4) D:15          IceCv (visited)         Volcano (visited)
  Crypt: Vaults:2-3

Altars:
Ashenzari
Cheibriados
Dithmenos
Gozag
Hepliaklqana
Makhleb
Nemelex Xobeh
Ru
Uskayaw
Wu Jian
Yredelemnul

Shops:
D:4 (   D:7 !   D:11 :   Orc:1 [   Orc:2 ![!*([!(   Vaults:2 [

Annotations:
Swamp:1 2 transporters, Gangsterbeez's ghost, adept MiFi
Vaults:3 Mara

▒ ..▒ ▒▒O.▒
....▒ .....▒
▒▒▒▒▒▒▒▒▒.....▒
▒.......'.<▒
▒.......▒.....▒
▒.✱....@▒ .▒..▒
▒.°○○§§.▒ .. ▒
▒....§○§▒ Y.
▒....Y§§▒ .▒
▒.......▒ ▒
▒.......▒
▒.......▒
▒.......▒
▒.......▒


You could see a dire elephant (ally target), an ironbound thunderhulk and a
friendly battlesphere.


Message History

Flame seeps out of the dire elephant.
Unknown command.
Casting: Magic Dart (safe; 0% risk of failure)
Confirm with . or Enter, or press ? or * to list all spells.
Aiming: Sticky Flame (safe; 0% risk of failure)
Press: ? - help, Shift-Dir - straight line, f/p - dire elephant
Aim: a dire elephant (severely wounded, inner flame)
The sticky flame hits the dire elephant!
Flame seeps out of the dire elephant.
The dire elephant is almost dead.
* * * LOW HITPOINT WARNING * * *
The dire elephant burns!
Flame seeps out of the dire elephant.
Your battlesphere fires!
The barrage of energy hits the dire elephant!
The dire elephant is heavily wounded.
Your battlesphere is engulfed in blazing flames.
The dire elephant tramples you!!
* * * LOW HITPOINT WARNING * * *
You hold your ground!
The dire elephant trunk-slaps you but does no damage.
Unknown command.
An ironbound thunderhulk comes into view.
It is wielding a +0 dire flail.
The ironbound thunderhulk shouts!
The dire elephant burns!
Your battlesphere is engulfed in blazing flames.
The dire elephant explodes!
The fiery explosion engulfs the dire elephant!!
The dire elephant is severely wounded.
The fiery explosion engulfs you! You resist.
You die...

Skill      XL: |  1  2  3  4  5  6  7  8  9 10 11 12 13 14 15 16 17 18 19 20 21 |
---------------+----------------------------------------------------------------+-----
Spellcasting   | 3 4 5 6 7 9 10 11 12 14 15 16 17 18 19 | 19.5
Conjurations   | 3 4 5 6 7 9 10 11 12 14 15 16 17 18 19 | 19.5
Hexes          | 3 4 5 6 7 9 10 11 12 14 15 16 17 18 19 | 19.5
Summonings     | 3 4 5 6 7 9 10 11 12 14 15 16 17 18 19 | 19.5
Necromancy     | 3 4 5 6 7 9 10 11 12 14 15 16 17 18 19 | 19.5
Translocations | 3 4 5 6 7 9 10 11 12 14 15 16 17 18 19 | 19.5
Fire Magic     | 3 4 5 6 7 9 10 11 12 14 15 16 17 18 19 | 19.5
Ice Magic      | 3 4 5 6 7 9 10 11 12 14 15 16 17 18 19 | 19.5
Air Magic      | 3 4 5 6 7 9 10 11 12 14 15 16 17 18 19 | 19.5
Earth Magic    | 3 4 5 6 7 9 10 11 12 14 15 16 17 18 19 | 19.5
Alchemy        | 3 4 5 6 7 9 10 11 12 14 15 16 17 18 19 | 19.5
Fighting       | 2 3 4 5 7 9 11 13 14 16 17 19 | 19.5
Shields        | 5 8 9 11 12 | 12.0
Dodging        | 6 10 12 15 | 15.8
Ranged Weapons | |  1.5

Action                     |  1- 3 |  4- 6 |  7- 9 | 10-12 | 13-15 | 16-18 | 19-21 || total
---------------------------+-------+-------+-------+-------+-------+-------+-------++-------
  Melee: Staff             |       |       |       |       |       |       |     8 ||     8
   Fire: Sling             |    99 |    74 |    30 |     5 |    14 |       |       ||   222
   Cast: Magic Dart        |       |    45 |   102 |   268 |   481 |   377 |   636 ||  1909
         Inner Flame       |       |     8 |    38 |   132 |   265 |   219 |   351 ||  1013
         Call Imp          |       |     3 |     2 |    16 |    29 |    30 |    11 ||    91
         Jinxbite          |       |       |     1 |       |       |       |       ||     1
         Volatile Blastmot |       |       |     1 |       |     3 |       |       ||     4
         Sticky Flame      |       |       |       |    21 |    37 |    66 |   141 ||   265
         Iskenderun's Batt |       |       |       |       |    91 |   104 |   165 ||   360
         Cause Fear        |       |       |       |       |     3 |     6 |    12 ||    21
         Ensorcelled Hiber |       |       |       |       |     1 |     3 |     5 ||     9
         Conjure Ball Ligh |       |       |       |       |       |     1 |       ||     1
         Sculpt Simulacrum |       |       |       |       |       |       |     2 ||     2
         Summon Horrible T |       |       |       |       |       |       |     2 ||     2
         Sigil of Binding  |       |       |       |       |       |       |     1 ||     1
  Evoke: Wand              |       |       |       |     4 |     8 |     2 |     1 ||    15
    Use: Scroll            |       |       |       |    18 |     7 |     6 |    14 ||    45
         Potion            |       |       |       |       |       |     6 |     6 ||    12
 Armour: Robe              |    43 |    37 |    46 |       |       |       |       ||   126
         Troll leather arm |       |       |    34 |   129 |   489 |   647 |   711 ||  2010
  Dodge: Dodged            |    30 |    41 |    32 |    49 |   221 |   300 |   479 ||  1152
  Block: Buckler           |       |       |       |       |       |       |   136 ||   136

Levels and vault maps discovered:
D:1:      saegor_arrival_simple_e, layout_basic, chequers_ecumenical_altar_grove
D:2:      layout_basic
D:3:      minmay_skewed_foursquare, layout_basic, nicolae_uskayaw_dance_hall,
          kennysheep_slug_shrine
D:4:      layout_rooms, serial_shops, nicolae_diamond_shop,
          amcnicky_mini_pool_small
D:5:      layout_basic, nicolae_yredelemnul_ghost_church,
          nicolae_hepliaklqana_hazy_memory
D:6:      layout_loops_ring, minmay_temple_entry_offerings
D:7:      layout_cave_pools, mainiacjoe_overflow_cross_hatched, serial_shops,
          shop, uniq_maggie
D:8:      layout_basic, lemuel_doored_altar, dpeg_lair_monsters
D:9:      layout_rooms, mainiacjoe_overflow_alcove_2,
          nicolae_gozag_seed_capital, hiddenorc1_lemuel, nzn_sisyphean_effort
D:10:     layout_roguey, makhleb_altar_promises_db,
          mainiacjoe_overflow_six_doors_small, kennysheep_dice, uniq_fannar
D:11:     layout_roguey, portal_ice_cave_entry_imps, serial_shops,
          nicolae_shop_hallway_plus
D:12:     layout_loops_corners, uniq_rupert
D:13:     layout_cave_pools, minmay_increasing_density
D:14:     layout_basic, david_vaults_3
D:15:     grunt_enter_depths_giant_problem, layout_stronghold,
          nzn_wu_jian_contemplation
Lair:1:   layout_cave_pods, st_stairs_10
Lair:2:   layout_roguey, chequers_serial_rivers_room_a, nicolae_lair_lil_pond,
          cheibrodos_lair_reptile_den, uniq_nergalle
Lair:3:   layout_layer_cave, nicolae_swamp_entry_spooky,
          nicolae_spider_entry_non_spiders, lemuel_fruit_fields,
          grunt_megastairs_1, uniq_sonja, uniq_nessos
Lair:4:   layout_long_grid, dpeg_slime_entry_enclosed
Lair:5:   hangedman_lair_tendril_chambers, layout_regular_city,
          serial_bayou_shore_b
Swamp:1:  layout_basic_swamp, gammafunk_ghost_mausoleum,
          nicolae_swamp_big_swirl, swamp_pool_3,
          nicolae_swamp_decorative_isthmus
Swamp:2:  layout_basic_swamp, serial_swamp_ruin, evilmike_swamp_ruin_rubble_1,
          hangedman_swamp_ruin_wall, evilmike_swamp_ruin_house_5, swamp_pool_1_2
Swamp:3:  layout_basic_swamp, evilmike_swamp_ruin_rubble_2,
          nicolae_swamp_long_stream
Swamp:4:  swamp, layout_basic_swamp, infiniplex_staircase_pool
Spider:1: spiders_nest_scorpion_pit
Spider:2: layout_spider_delve, hangedman_stitches_earthworm, uniq_arachne
Spider:3: layout_spider_delve
Spider:4: grunt_spider_rune_island, guppyfry_spider_mini_2, uniq_aizul,
          uniq_mlioglotl
Orc:1:    layout_caves, serial_shops, shop, lightli_volcano_entry_magma_tube,
          nicolae_orc_damp_corner, uniq_gastronok, uniq_harold
Orc:2:    st_orc_mages, layout_diamond_mine, serial_shops, shop, shop, shop,
          shop
Elf:1:    layout_loops_corners, nicolae_elf_crossing_hall,
          serial_library_hellmonk_junction, uniq_nikola
Vaults:1: ontoclasm_vaults_eye, vaults_mumra_chevron,
          nicolae_vaults_little_squares_6, ontoclasm_vaults_ring_small,
          v_misc_18, special_room_vaults [special_room_orc], v_pattern_4,
          v_rooms_4, grunt_vaults_hallway_long, nicolae_vaults_asterisk,
          vaults_dpeg_doors, vaults_standard_mumra_lines,
          hangedman_vaults_nails, layout_vaults_omnibox
Vaults:2: minmay_crypt_entry_vampire_xt, v_misc_1,
          nicolae_vaults_little_squares_5, v_alt_pattern_1, grunt_vaults_focal,
          v_alt_pattern_3, nicolae_vaults_tetromino_T_1,
          nicolae_vaults_murderbox, layout_vaults_omnigrid, serial_shops, shop
Vaults:3: ontoclasm_vaults_decontamination, hangedman_vaults_river_flow,
          v_misc_15, hangedman_vaults_cutoff, hangedman_vaults_corner_blocks,
          v_alt_pattern_1, nicolae_vaults_variable_pillar_hall, v_pattern_2,
          hangedman_vaults_capsules, layout_vaults_big_room, uniq_mara
Vaults:4: nicolae_vaults_little_squares_6, v_misc_17,
          nicolae_vaults_little_squares_5, nicolae_vaults_storage_closets_1,
          vaults_mumra_minichess, nicolae_vaults_weapon_check,
          nicolae_vaults_trapezoid_lopsided_4, hangedman_vaults_stream,
          nicolae_vaults_variable_pillar_hall, layout_vaults_ring

Notes
Turn   | Place    | Note
-------+----------+-------------------------------------------
     0 | D:1      | cforsyth the Djinni Hexslinger began the quest for the Orb.
     0 | D:1      | cforsyth set off with the following spells memorised:
                  | Jinxbite, Sigil of Binding, Inner Flame, Cause Fear,
                  | Dimensional Bullseye.
     0 | D:1      | Reached XP level 1. HP: 17/17 MP: 0/0
   352 | D:1      | Reached XP level 2. HP: 22/22 MP: 0/0
   473 | D:1      | Reached skill level 3 in Spellcasting
   473 | D:1      | Reached skill level 3 in Conjurations
   473 | D:1      | Reached skill level 3 in Hexes
   473 | D:1      | Reached skill level 3 in Summonings
   473 | D:1      | Reached skill level 3 in Necromancy
   473 | D:1      | Reached skill level 3 in Translocations
   473 | D:1      | Reached skill level 3 in Fire Magic
   473 | D:1      | Reached skill level 3 in Ice Magic
   473 | D:1      | Reached skill level 3 in Air Magic
   473 | D:1      | Reached skill level 3 in Earth Magic
   473 | D:1      | Reached skill level 3 in Alchemy
   742 | D:1      | Found a faded altar of an unknown god.
   948 | D:2      | Reached skill level 2 in Fighting
   948 | D:2      | Reached XP level 3. HP: 17/28 MP: 0/0
   948 | D:2      | Learned a level 1 spell: Magic Dart
  1467 | D:3      | Found a snail-covered altar of Cheibriados.
  1707 | D:3      | Reached XP level 4. HP: 34/34 MP: 0/0
  2201 | D:3      | Reached skill level 3 in Fighting
  2202 | D:3      | Found a hide-covered altar of Uskayaw.
  2543 | D:4      | Reached XP level 5. HP: 19/40 MP: 0/0
  2543 | D:4      | Learned a level 2 spell: Call Imp
  2726 | D:4      | Found Exuag's Weapon Emporium.
  2902 | D:4      | You are sucked into a shaft and drop 2 floors!
  2920 | D:6      | Reached skill level 4 in Fighting
  2920 | D:6      | Reached skill level 4 in Spellcasting
  2920 | D:6      | Reached skill level 4 in Conjurations
  2920 | D:6      | Reached skill level 4 in Hexes
  2920 | D:6      | Reached skill level 4 in Summonings
  2920 | D:6      | Reached skill level 4 in Necromancy
  2920 | D:6      | Reached skill level 4 in Translocations
  2920 | D:6      | Reached skill level 4 in Fire Magic
  2920 | D:6      | Reached skill level 4 in Ice Magic
  2920 | D:6      | Reached skill level 4 in Air Magic
  2920 | D:6      | Reached skill level 4 in Earth Magic
  2920 | D:6      | Reached skill level 4 in Alchemy
  2920 | D:6      | Reached XP level 6. HP: 18/47 MP: 0/0
  2926 | D:6      | HP: 3/47 [cloud of flame (7)]
  3008 | D:6      | Found a staircase to the Ecumenical Temple.
  3236 | D:6      | Noticed an orc warrior
  3237 | D:6      | Reached XP level 7. HP: 47/53 MP: 0/0
  3237 | D:6      | Learned a level 2 spell: Ensorcelled Hibernation
  3258 | D:6      | Reached skill level 5 in Fighting
  3406 | D:5      | Entered Level 5 of the Dungeon
  3691 | D:5      | Reached skill level 5 in Spellcasting
  3691 | D:5      | Reached skill level 5 in Conjurations
  3691 | D:5      | Reached skill level 5 in Hexes
  3691 | D:5      | Reached skill level 5 in Summonings
  3691 | D:5      | Reached skill level 5 in Necromancy
  3691 | D:5      | Reached skill level 5 in Translocations
  3691 | D:5      | Reached skill level 5 in Fire Magic
  3691 | D:5      | Reached skill level 5 in Ice Magic
  3691 | D:5      | Reached skill level 5 in Air Magic
  3691 | D:5      | Reached skill level 5 in Earth Magic
  3691 | D:5      | Reached skill level 5 in Alchemy
  3778 | D:5      | Reached XP level 8. HP: 55/61 MP: 0/0
  3816 | D:5      | Reached skill level 6 in Fighting
  4064 | D:5      | Found a hazy altar of Hepliaklqana.
  4211 | D:5      | Found a runed translucent gate.
  4211 | D:5      | Found a runed translucent gate.
  4211 | D:5      | Found a runed translucent gate.
  4211 | D:5      | Noticed Biggs's ghost (novice OpGl)
  4213 | D:5      | Found a basalt altar of Yredelemnul.
  4871 | D:5      | Reached skill level 7 in Fighting
  5002 | D:6      | Noticed a troll
  5007 | D:6      | Killed a troll
  5008 | D:6      | Reached skill level 6 in Spellcasting
  5008 | D:6      | Reached skill level 6 in Conjurations
  5008 | D:6      | Reached skill level 6 in Hexes
  5008 | D:6      | Reached skill level 6 in Summonings
  5008 | D:6      | Reached skill level 6 in Necromancy
  5008 | D:6      | Reached skill level 6 in Translocations
  5008 | D:6      | Reached skill level 6 in Fire Magic
  5008 | D:6      | Reached skill level 6 in Ice Magic
  5008 | D:6      | Reached skill level 6 in Air Magic
  5008 | D:6      | Reached skill level 6 in Earth Magic
  5008 | D:6      | Reached skill level 6 in Alchemy
  5008 | D:6      | Reached XP level 9. HP: 54/68 MP: 0/0
  5008 | D:6      | Learned a level 3 spell: Volatile Blastmotes
  5315 | D:6      | Reached skill level 8 in Fighting
  6171 | D:7      | Reached skill level 7 in Spellcasting
  6171 | D:7      | Reached skill level 7 in Conjurations
  6171 | D:7      | Reached skill level 7 in Hexes
  6171 | D:7      | Reached skill level 7 in Summonings
  6171 | D:7      | Reached skill level 7 in Necromancy
  6171 | D:7      | Reached skill level 7 in Translocations
  6171 | D:7      | Reached skill level 7 in Fire Magic
  6171 | D:7      | Reached skill level 7 in Ice Magic
  6171 | D:7      | Reached skill level 7 in Air Magic
  6171 | D:7      | Reached skill level 7 in Earth Magic
  6171 | D:7      | Reached skill level 7 in Alchemy
  6180 | D:7      | Reached skill level 9 in Fighting
  6214 | D:7      | Found Dinul's Distillery.
  6240 | D:7      | Bought a potion of heal wounds for 60 gold pieces
  6240 | D:7      | Bought a potion of curing for 36 gold pieces
  6255 | D:7      | Noticed Maggie
  6262 | D:7      | Killed Maggie
  6263 | D:7      | Reached XP level 10. HP: 77/78 MP: 0/0
  6265 | D:7      | Found a broken altar of Ashenzari.
  6650 | D:8      | Noticed a komodo dragon
  6657 | D:8      | Killed a komodo dragon
  6658 | D:8      | Reached skill level 10 in Fighting
  6658 | D:8      | Reached skill level 8 in Spellcasting
  6658 | D:8      | Reached skill level 8 in Conjurations
  6658 | D:8      | Reached skill level 8 in Hexes
  6658 | D:8      | Reached skill level 8 in Summonings
  6658 | D:8      | Reached skill level 8 in Necromancy
  6658 | D:8      | Reached skill level 8 in Translocations
  6658 | D:8      | Reached skill level 8 in Fire Magic
  6658 | D:8      | Reached skill level 8 in Ice Magic
  6658 | D:8      | Reached skill level 8 in Air Magic
  6658 | D:8      | Reached skill level 8 in Earth Magic
  6658 | D:8      | Reached skill level 8 in Alchemy
  6662 | D:8      | Noticed a cane toad
  6670 | D:8      | Killed a cane toad
  6746 | D:8      | Found a staircase to the Lair.
  6750 | D:8      | Noticed a komodo dragon
  6757 | D:8      | Killed a komodo dragon
  6824 | D:8      | Reached skill level 11 in Fighting
  6832 | D:8      | Reached skill level 9 in Spellcasting
  6832 | D:8      | Reached skill level 9 in Conjurations
  6832 | D:8      | Reached skill level 9 in Hexes
  6832 | D:8      | Reached skill level 9 in Summonings
  6832 | D:8      | Reached skill level 9 in Necromancy
  6832 | D:8      | Reached skill level 9 in Translocations
  6832 | D:8      | Reached skill level 9 in Fire Magic
  6832 | D:8      | Reached skill level 9 in Ice Magic
  6832 | D:8      | Reached skill level 9 in Air Magic
  6832 | D:8      | Reached skill level 9 in Earth Magic
  6832 | D:8      | Reached skill level 9 in Alchemy
  6832 | D:8      | Reached XP level 11. HP: 74/87 MP: 0/0
  6832 | D:8      | Learned a level 4 spell: Sticky Flame
  7041 | D:8      | Found a sacrificial altar of Ru.
  7145 | D:9      | Noticed a two-headed ogre
  7155 | D:9      | Killed a two-headed ogre
  7171 | D:9      | Noticed a white ugly thing
  7243 | D:9      | Killed a white ugly thing
  7244 | D:9      | Reached skill level 12 in Fighting
  7481 | D:9      | Noticed a cyclops
  7487 | D:9      | Killed a cyclops
  7535 | D:9      | Found an opulent altar of Gozag.
  7562 | D:9      | Noticed a boulder beetle
  7569 | D:9      | Killed a boulder beetle
  7603 | D:9      | Identified the +7 sling "Moetepsy" {heavy, Stlth+}
  7708 | D:9      | Found a shadowy altar of Dithmenos.
  7922 | D:9      | Found a staircase to the Orcish Mines.
  8207 | D:10     | Entered Level 10 of the Dungeon
  8207 | D:10     | Noticed Fannar
  8214 | D:10     | Killed Fannar
  8215 | D:10     | Reached skill level 10 in Spellcasting
  8215 | D:10     | Reached skill level 10 in Conjurations
  8215 | D:10     | Reached skill level 10 in Hexes
  8215 | D:10     | Reached skill level 10 in Summonings
  8215 | D:10     | Reached skill level 10 in Necromancy
  8215 | D:10     | Reached skill level 10 in Translocations
  8215 | D:10     | Reached skill level 10 in Fire Magic
  8215 | D:10     | Reached skill level 10 in Ice Magic
  8215 | D:10     | Reached skill level 10 in Air Magic
  8215 | D:10     | Reached skill level 10 in Earth Magic
  8215 | D:10     | Reached skill level 10 in Alchemy
  8261 | D:10     | Noticed a two-headed ogre
  8267 | D:10     | Killed a two-headed ogre
  8500 | D:10     | Reached skill level 13 in Fighting
  8546 | D:10     | Found a burning altar of Makhleb.
  8547 | D:10     | Noticed a green death
  8771 | D:10     | Found a sparkling altar of Nemelex Xobeh.
  9078 | D:11     | Reached XP level 12. HP: 18/98 MP: 0/0
  9078 | D:11     | HP: 6/98 [centaur/arrow (6)]
  9228 | D:11     | Found a frozen archway.
  9237 | IceCv    | Entered an ice cave
 10026 | IceCv    | Noticed a white draconian
 10040 | IceCv    | Killed a white draconian
 10121 | IceCv    | Identified the ring of Roaschon {Ice ^Contam rN++ Str+3
                  | Int+2}
 10137 | IceCv    | Identified the amulet "Ciyfralu" {Rampage *Corrode rN+
                  | Regen+}
 10286 | D:11     | Found Kacorori's Book Shoppe.
 10426 | D:11     | Noticed a two-headed ogre
 10441 | D:11     | Killed a two-headed ogre
 10442 | D:11     | Reached skill level 14 in Fighting
 10442 | D:11     | Reached skill level 11 in Spellcasting
 10442 | D:11     | Reached skill level 11 in Conjurations
 10442 | D:11     | Reached skill level 11 in Hexes
 10442 | D:11     | Reached skill level 11 in Summonings
 10442 | D:11     | Reached skill level 11 in Necromancy
 10442 | D:11     | Reached skill level 11 in Translocations
 10442 | D:11     | Reached skill level 11 in Fire Magic
 10442 | D:11     | Reached skill level 11 in Ice Magic
 10442 | D:11     | Reached skill level 11 in Air Magic
 10442 | D:11     | Reached skill level 11 in Earth Magic
 10442 | D:11     | Reached skill level 11 in Alchemy
 10720 | D:12     | Identified the +6 war axe "Utuacyun" {heavy, Dex+2}
 11162 | D:12     | Noticed a boulder beetle
 11178 | D:12     | Killed a boulder beetle
 11258 | D:12     | Noticed Rupert
 11260 | D:12     | Paralysed by Rupert for 5 turns
 12404 | Lair:1   | Entered Level 1 of the Lair of Beasts
 12426 | Lair:1   | Reached XP level 13. HP: 99/106 MP: 0/0
 12426 | Lair:1   | Learned a level 5 spell: Iskenderun's Battlesphere
 12616 | Lair:1   | Reached skill level 15 in Fighting
 13024 | Lair:1   | Reached skill level 12 in Spellcasting
 13024 | Lair:1   | Reached skill level 12 in Conjurations
 13024 | Lair:1   | Reached skill level 12 in Hexes
 13024 | Lair:1   | Reached skill level 12 in Summonings
 13024 | Lair:1   | Reached skill level 12 in Necromancy
 13024 | Lair:1   | Reached skill level 12 in Translocations
 13024 | Lair:1   | Reached skill level 12 in Fire Magic
 13024 | Lair:1   | Reached skill level 12 in Ice Magic
 13024 | Lair:1   | Reached skill level 12 in Air Magic
 13024 | Lair:1   | Reached skill level 12 in Earth Magic
 13024 | Lair:1   | Reached skill level 12 in Alchemy
 13592 | Lair:2   | You are sucked into a shaft and drop 2 floors!
 13750 | Lair:2   | Noticed Nergalle
 13758 | Lair:2   | Killed Nergalle
 13835 | Lair:2   | Reached skill level 16 in Fighting
 14909 | Lair:3   | Found a hole to the Spider Nest.
 14976 | Lair:3   | Noticed a four-headed hydra
 14982 | Lair:3   | Killed a four-headed hydra
 14983 | Lair:3   | Reached XP level 14. HP: 117/117 MP: 0/0
 15152 | Lair:3   | Reached skill level 13 in Spellcasting
 15152 | Lair:3   | Reached skill level 13 in Conjurations
 15152 | Lair:3   | Reached skill level 13 in Hexes
 15152 | Lair:3   | Reached skill level 13 in Summonings
 15152 | Lair:3   | Reached skill level 13 in Necromancy
 15152 | Lair:3   | Reached skill level 13 in Translocations
 15152 | Lair:3   | Reached skill level 13 in Fire Magic
 15152 | Lair:3   | Reached skill level 13 in Ice Magic
 15152 | Lair:3   | Reached skill level 13 in Air Magic
 15152 | Lair:3   | Reached skill level 13 in Earth Magic
 15152 | Lair:3   | Reached skill level 13 in Alchemy
 15220 | Lair:3   | Noticed Nessos
 15446 | Lair:3   | Noticed Sonja
 15457 | Lair:3   | Killed Sonja
 15864 | Lair:3   | Reached skill level 17 in Fighting
 16221 | Lair:3   | Found a staircase to the Swamp.
 16514 | Lair:3   | Killed Nessos
 17627 | Lair:4   | Found a staircase to the Slime Pits.
 17980 | Lair:5   | Entered Level 5 of the Lair of Beasts
 19428 | Lair:5   | Reached skill level 14 in Spellcasting
 19428 | Lair:5   | Reached skill level 14 in Conjurations
 19428 | Lair:5   | Reached skill level 14 in Hexes
 19428 | Lair:5   | Reached skill level 14 in Summonings
 19428 | Lair:5   | Reached skill level 14 in Necromancy
 19428 | Lair:5   | Reached skill level 14 in Translocations
 19428 | Lair:5   | Reached skill level 14 in Fire Magic
 19428 | Lair:5   | Reached skill level 14 in Ice Magic
 19428 | Lair:5   | Reached skill level 14 in Air Magic
 19428 | Lair:5   | Reached skill level 14 in Earth Magic
 19428 | Lair:5   | Reached skill level 14 in Alchemy
 19428 | Lair:5   | Reached XP level 15. HP: 109/126 MP: 0/0
 19428 | Lair:5   | Learned a level 6 spell: Conjure Ball Lightning
 19432 | Lair:5   | Reached skill level 18 in Fighting
 20502 | Orc:1    | Entered Level 1 of the Orcish Mines
 20548 | Orc:1    | Noticed Harold
 20558 | Orc:1    | Killed Harold
 20571 | Orc:1    | Noticed Gastronok
 20583 | Orc:1    | Killed Gastronok
 20602 | Orc:1    | Found Memp's Antique Armour Shop.
 20645 | Orc:1    | Found a dark tunnel.
 20653 | Volcano  | Entered a volcano
 21068 | Orc:1    | You are sucked into a shaft and drop 1 floor!
 21068 | Orc:2    | Entered Level 2 of the Orcish Mines
 21068 | Orc:2    | Found Cesirar's Distillery.
 21252 | Orc:2    | Found Geadew's Antique Armour Boutique.
 21260 | Orc:2    | Bought a pair of glowing gloves for 187 gold pieces
 21280 | Orc:2    | Found Ucobat's Distillery.
 21747 | Orc:2    | Found Fotiedol's Armour Shop.
 21747 | Orc:2    | Found Uqeup's Antique Weapon Boutique.
 21748 | Orc:2    | Found Sulupn's Distillery.
 21752 | Orc:2    | Found Somaumus's Weapon Shop.
 21762 | Orc:2    | Bought a crystal broad axe for 333 gold pieces
 21762 | Orc:2    | Identified the +7 broad axe of the Inferno {elec, rPois}
                  | (You bought it in a shop on level 2 of the Orcish Mines)
 21766 | Orc:2    | Bought a potion of cancellation for 128 gold pieces
 21955 | Orc:2    | Found a staircase to the Elven Halls.
 21975 | Orc:2    | Found Othis's General Store.
 22072 | Orc:1    | Reached skill level 19 in Fighting
 22130 | Orc:1    | Bought a steaming cloak for 351 gold pieces
 22130 | Orc:1    | Identified the +1 cloak "Lacsuw" {^Contam rC++ rN+ rCorr}
                  | (You bought it in a shop on level 1 of the Orcish Mines)
 22130 | Orc:1    | Bought a brightly glowing robe for 210 gold pieces
 22130 | Orc:1    | Identified the +1 robe of the Intense Grue {*Slow +Inv
                  | Str+9 Archmagi} (You bought it in a shop on level 1 of the
                  | Orcish Mines)
 22705 | D:5      | Killed Biggs's ghost
 23503 | D:13     | Reached skill level 15 in Spellcasting
 23503 | D:13     | Reached skill level 15 in Conjurations
 23503 | D:13     | Reached skill level 15 in Hexes
 23503 | D:13     | Reached skill level 15 in Summonings
 23503 | D:13     | Reached skill level 15 in Necromancy
 23503 | D:13     | Reached skill level 15 in Translocations
 23503 | D:13     | Reached skill level 15 in Fire Magic
 23503 | D:13     | Reached skill level 15 in Ice Magic
 23503 | D:13     | Reached skill level 15 in Air Magic
 23503 | D:13     | Reached skill level 15 in Earth Magic
 23503 | D:13     | Reached skill level 15 in Alchemy
 24035 | D:13     | Reached XP level 16. HP: 30/135 MP: 0/0
 24273 | D:12     | Killed Rupert
 25266 | D:14     | Found a gate to the Vaults.
 25646 | D:13     | Reached skill level 1 in Shields
 26278 | D:14     | Reached skill level 3 in Dodging
 26687 | D:14     | Reached skill level 2 in Shields
 27011 | D:14     | Reached skill level 4 in Dodging
 27348 | D:14     | Reached skill level 3 in Shields
 27570 | D:15     | Entered Level 15 of the Dungeon
 28006 | D:15     | Found an ornate altar of the Wu Jian Council.
 28263 | D:15     | Reached skill level 5 in Dodging
 28372 | D:15     | Reached skill level 4 in Shields
 28504 | D:15     | Found a staircase to the Depths.
 28975 | Elf:1    | Entered Level 1 of the Elven Halls
 29490 | Elf:1    | Reached skill level 6 in Dodging
 29596 | Elf:1    | Reached skill level 5 in Shields
 29983 | Spider:1 | Entered Level 1 of the Spider Nest
 30309 | Spider:1 | Noticed an emperor scorpion
 30436 | Spider:1 | Reached XP level 17. HP: 141/141 MP: 0/0
 30436 | Spider:1 | Learned a level 7 spell: Enfeeble
 30621 | Spider:1 | Reached skill level 7 in Dodging
 30621 | Spider:1 | Reached skill level 6 in Shields
 30824 | Spider:1 | HP: 8/141 [emperor scorpion (19)]
 30910 | Spider:1 | Identified a potion of experience
 31197 | Spider:1 | Reached skill level 16 in Spellcasting
 31197 | Spider:1 | Reached skill level 16 in Conjurations
 31197 | Spider:1 | Reached skill level 16 in Hexes
 31197 | Spider:1 | Reached skill level 16 in Summonings
 31197 | Spider:1 | Reached skill level 16 in Necromancy
 31197 | Spider:1 | Reached skill level 16 in Translocations
 31197 | Spider:1 | Reached skill level 16 in Fire Magic
 31197 | Spider:1 | Reached skill level 16 in Ice Magic
 31197 | Spider:1 | Reached skill level 16 in Air Magic
 31197 | Spider:1 | Reached skill level 16 in Earth Magic
 31197 | Spider:1 | Reached skill level 16 in Alchemy
 31309 | Spider:1 | Reached skill level 8 in Dodging
 31367 | Spider:1 | Reached skill level 7 in Shields
 31514 | Spider:1 | HP: 14/141 [cloud of flame (10)]
 32691 | Spider:2 | Reached skill level 9 in Dodging
 33119 | Spider:2 | Reached skill level 8 in Shields
 33416 | Spider:2 | Noticed Arachne
 33542 | Spider:2 | Killed Arachne
 34797 | Spider:3 | Reached skill level 10 in Dodging
 34797 | Spider:3 | Reached XP level 18. HP: 112/148 MP: 0/0
 35043 | Spider:3 | Reached skill level 9 in Shields
 35043 | Spider:3 | Reached XP level 19. HP: 153/154 MP: 0/0
 35043 | Spider:3 | Learned a level 6 spell: Sculpt Simulacrum
 35391 | Spider:3 | Reached skill level 11 in Dodging
 35505 | Spider:3 | Reached skill level 10 in Shields
 36122 | Spider:4 | Entered Level 4 of the Spider Nest
 36351 | Spider:4 | Reached skill level 17 in Spellcasting
 36351 | Spider:4 | Reached skill level 17 in Conjurations
 36351 | Spider:4 | Reached skill level 17 in Hexes
 36351 | Spider:4 | Reached skill level 17 in Summonings
 36351 | Spider:4 | Reached skill level 17 in Necromancy
 36351 | Spider:4 | Reached skill level 17 in Translocations
 36351 | Spider:4 | Reached skill level 17 in Fire Magic
 36351 | Spider:4 | Reached skill level 17 in Ice Magic
 36351 | Spider:4 | Reached skill level 17 in Air Magic
 36351 | Spider:4 | Reached skill level 17 in Earth Magic
 36351 | Spider:4 | Reached skill level 17 in Alchemy
 36367 | Spider:3 | HP: 15/154 [spore (13)]
 37436 | Spider:4 | Identified the serpent talisman of the Cooper {rC+ Int+4
                  | Stlth+}
 37436 | Spider:4 | Noticed Aizul
 37443 | Spider:4 | Killed Aizul
 38101 | Spider:4 | Reached skill level 12 in Dodging
 38478 | Spider:4 | Noticed Mlioglotl
 38634 | Spider:4 | Noticed a bone dragon
 38847 | Spider:3 | Killed Mlioglotl
 39206 | Spider:4 | Reached skill level 11 in Shields
 39291 | Spider:4 | Got a gossamer rune of Zot
 39299 | Spider:4 | Identified the +0 pair of boots "Nazaon" {Regen+ Str-2
                  | Dex+3}
 39621 | Swamp:1  | Entered Level 1 of the Swamp
 40248 | Swamp:1  | Found a transporter.
 40405 | Swamp:1  | Noticed Gangsterbeez's ghost (adept MiFi)
 40493 | Swamp:1  | Found a transporter.
 41802 | Swamp:2  | Reached XP level 20. HP: 125/160 MP: 0/0
 42440 | Swamp:2  | Reached skill level 13 in Dodging
 42996 | Swamp:2  | Reached skill level 12 in Shields
 44361 | Swamp:4  | Entered Level 4 of the Swamp
 45731 | Swamp:3  | Reached skill level 14 in Dodging
 46469 | Swamp:4  | Reached skill level 18 in Spellcasting
 46469 | Swamp:4  | Reached skill level 18 in Conjurations
 46469 | Swamp:4  | Reached skill level 18 in Hexes
 46469 | Swamp:4  | Reached skill level 18 in Summonings
 46469 | Swamp:4  | Reached skill level 18 in Necromancy
 46469 | Swamp:4  | Reached skill level 18 in Translocations
 46469 | Swamp:4  | Reached skill level 18 in Fire Magic
 46469 | Swamp:4  | Reached skill level 18 in Ice Magic
 46469 | Swamp:4  | Reached skill level 18 in Air Magic
 46469 | Swamp:4  | Reached skill level 18 in Earth Magic
 46469 | Swamp:4  | Reached skill level 18 in Alchemy
 47239 | Swamp:4  | Got a decaying rune of Zot
 47610 | Vaults:1 | Entered Level 1 of the Vaults
 48302 | D:14     | Reached skill level 15 in Dodging
 49359 | Vaults:1 | Reached XP level 21. HP: 131/166 MP: 0/0
 49359 | Vaults:1 | Learned a level 8 spell: Summon Horrible Things
 51018 | Vaults:2 | Reached skill level 19 in Spellcasting
 51018 | Vaults:2 | Reached skill level 19 in Conjurations
 51018 | Vaults:2 | Reached skill level 19 in Hexes
 51018 | Vaults:2 | Reached skill level 19 in Summonings
 51018 | Vaults:2 | Reached skill level 19 in Necromancy
 51018 | Vaults:2 | Reached skill level 19 in Translocations
 51018 | Vaults:2 | Reached skill level 19 in Fire Magic
 51018 | Vaults:2 | Reached skill level 19 in Ice Magic
 51018 | Vaults:2 | Reached skill level 19 in Air Magic
 51018 | Vaults:2 | Reached skill level 19 in Earth Magic
 51018 | Vaults:2 | Reached skill level 19 in Alchemy
 51091 | Vaults:2 | Identified a potion of resistance
 51125 | Vaults:2 | Found Urouku's Armour Emporium.
 51612 | Vaults:2 | You are sucked into a shaft and drop 2 floors!
 51814 | Vaults:3 | Noticed Mara
 52016 | Vaults:3 | HP: 3/166 [dire elephant (31)]
 52017 | Vaults:3 | Killed by an exploding dire elephant... ignited by their
                  | inner flame

Vanquished Creatures
  Arachne (Spider:2)
  Rupert (D:12)
  Mlioglotl (Spider:3)
  A sphinx (Vaults:3)
  Gastronok (Orc:1)
  3 thorn hunters
  A tengu reaver (Vaults:2)
  A fenstrider witch (Swamp:1)
  Aizul (Spider:4)
  5 ghost moths
  7 emperor scorpions
  3 vault wardens (Vaults:2)
  9 ironbound preservers
  2 broodmothers
  A stone giant (D:15)
  4 ironbound thunderhulks
  Nessos (Lair:3)
  A white draconian (IceCv)
  8 eleionomae
  9 dire elephants
  2 bunyips
  5 entropy weavers
  6 great orbs of eyes
  A yaktaur captain (Vaults:1)
  Harold (Orc:1)
  Fannar (D:10)
  14 hydras
  13 alligators
  5 ghost crabs
  4 radroaches
  11 centaur warriors
  10 boulder beetles
  4 jorogumos
  8 two-headed ogres
  2 ironbound frosthearts
  A vampire mage (Vaults:2)
  3 tengu warriors
  12 death yaks
  4 orc high priests (Orc:2)
  11 demonic crawlers
  A hell hog (Volcano)
  Sonja (Lair:3)
  Nergalle (Lair:2)
  A deep elf knight (Orc:2)
  12 spriggans
  6 pharaoh ants
  A spectral catoblepas (Lair:3)
  An arcanist (Vaults:1)
  28 deep trolls
  6 goliath frogs
  A death drake (Swamp:2)
  9 swamp dragons
  2 deep elf archers (Elf:1)
  4 spriggan druids
  A bog body (Swamp:1)
  A sun moth (Spider:2)
  7 orb spiders
  5 ironbound convokers
  3 deep elf zephyrmancers (Elf:1)
  4 steelbarb worms
  4 orc knights
  4 lindwurms
  7 deep elf pyromancers
  7 will-o-the-wisps
  3 salamanders (Volcano)
  3 orc sorcerers (Orc:2)
  13 ugly things
  19 wolf spiders
  3 moths of wrath
  7 cyclopes
  4 manticores
  5 elephants (Lair:2)
  6 vault sentinels
  A guardian serpent (Lair:5)
  17 cane toads
  10 black mambas
  4 gargoyles
  2 ice statues (IceCv)
  6 rime drakes
  7 torpor snails
  Maggie (D:7)
  2 freezing wraiths (D:14)
  5 yaktaurs
  The ghost of Biggs the Martial Artist, a novice OpGl of Wu Jian (D:5)
  A kobold demonologist (D:12)
  10 komodo dragons
  A tengu conjurer (D:13)
  2 polar bears
  A polar bear (shapeshifter) (D:14)
  5 trolls
  16 tyrant leeches
  2 bloated husks
  27 tarantellas
  20 hornets
  25 blink frogs
  18 slime creatures
  33 jumping spiders
  A centaur simulacrum (D:15)
  13 wyverns
  A water elemental (Elf:1)
  4 shadows
  5 vampires
  32 yaks
  25 culicivoras
  2 fire bats (Volcano)
  16 humans
  2 wraiths
  A golden eye (shapeshifter) (D:14)
  A basilisk (Lair:2)
  83 redbacks
  9 vampire mosquitoes
  15 swamp worms
  2 acid dragons
  27 water moccasins
  A hell hound (Volcano)
  A spectral blink frog (Lair:3)
  7 swamp drakes (Swamp:4)
  24 orc warriors
  An ice beast (D:5)
  3 black bears
  12 wolves
  19 centaurs
  An ogre (shapeshifter) (D:14)
  2 ogres (Orc:2)
  A spectral basilisk (Lair:3)
  2 kobold brigands
  13 bullfrogs
  A gnoll sergeant (D:12)
  4 scorpions
  7 wights
  13 killer bees
  A lindwurm simulacrum (IceCv)
  4 howler monkeys
  A centaur zombie (D:5)
  A bombardier beetle (D:4)
  A bullfrog zombie (D:5)
  8 komodo dragon simulacra (IceCv)
  2 jellies
  6 hounds
  29 orc priests
  34 orc wizards
  5 iguanas
  4 hell rats (Lair:1)
  3 acid dragon simulacra (IceCv)
  7 adders
  3 gnolls (D:12)
  12 white imps (D:11)
  9 steam dragon simulacra (IceCv)
  2 ufetubi (D:6)
  7 ribbon worms
  2 dart slugs
  79 orcs
  3 ball pythons
  6 endoplasms
  A giant cockroach (Lair:3)
  5 goblins
  5 hobgoblins
  16 kobolds
  3 quokkas
  2 bats
  4 frilled lizards
  6 rats (D:3)
  A butterfly (Lair:3)
1199 creatures vanquished.

Vanquished Creatures (collateral kills)
  A broodmother (Spider:3)
  A centaur warrior (Vaults:1)
  A two-headed ogre (D:13)
  A death yak (Lair:5)
  An ugly thing (Vaults:1)
  A yak (Lair:2)
  A jumping spider (Spider:3)
  2 redbacks
9 creatures vanquished.

Vanquished Creatures (others)
  An alligator (Swamp:2)
  An unseen horror (D:11)
  3 ball lightnings (D:12)
  30 foxfires
  4 starspawn tentacles
39 creatures vanquished.

Grand Total: 1247 creatures vanquished

Table legend: (Time is in decaauts)
 A = Elapsed time spent in this place.
 B = Non-inter-level travel time spent in this place.
 C = Inter-level travel time spent in this place.
 D = Time resting spent in this place.
 E = Time spent auto-exploring this place.
 F = Levels seen in this place.
 G = Mean time per level.
                   A        B        C        D        E       F      G
               +--------+--------+--------+--------+--------+-----+--------+
         Total |  52225 |  49592 |   2633 |  18619 |  21414 |  37 | 1411.5 |
       Dungeon |  18957 |  17783 |   1174 |   5210 |   9998 |  15 | 1263.8 |
          Lair |   8694 |   7992 |    702 |   2507 |   3881 |   5 | 1738.8 |
         Swamp |   7432 |   7222 |    210 |   4112 |   1835 |   4 | 1858.0 |
   Spider Nest |   9596 |   9342 |    254 |   4859 |   2271 |   4 | 2399.0 |
  Orcish Mines |   2184 |   2070 |    114 |    589 |   1017 |   2 | 1092.0 |
   Elven Halls |    397 |    397 |      0 |    215 |     73 |   1 |  397.0 |
        Vaults |   3591 |   3414 |    177 |    608 |   1919 |   4 |  897.8 |
      Ice Cave |    985 |    985 |      0 |    500 |    271 |   1 |  985.0 |
       Volcano |    385 |    385 |      0 |     19 |    148 |   1 |  385.0 |
               +--------+--------+--------+--------+--------+-----+--------+

Top non-repeatable levels by time:
    D:12: 3117 daAuts
Spider:1: 2919 daAuts
Spider:3: 2819 daAuts
  Lair:3: 2647 daAuts
    D:13: 2368 daAuts
 Swamp:3: 2260 daAuts
Spider:4: 2257 daAuts
  Lair:5: 2076 daAuts
 Swamp:1: 2047 daAuts
Vaults:1: 1904 daAuts
    D:14: 1867 daAuts
 Swamp:4: 1818 daAuts
Spider:2: 1600 daAuts
     D:5: 1585 daAuts
   Orc:2: 1423 daAuts

Table legend:
 A = Non-vault XP
 B = Vault XP
 C = Vault XP percentage of total XP
 D = Non-vault monster count
 E = Vault monster count
 F = Vault count percentage of total count
                 A         B        C        D         E       F
            +---------+---------+-------+---------+---------+-------
      Total |  268702 |  146192 |  35.2 |     798 |     411 |  34.0
            +---------+---------+-------+---------+---------+-------
        D:1 |      24 |       0 |   0.0 |      14 |       0 |   0.0
        D:2 |      19 |       0 |   0.0 |       4 |       0 |   0.0
        D:3 |      40 |      31 |  43.7 |      17 |       8 |  32.0
        D:4 |     137 |       0 |   0.0 |       9 |       0 |   0.0
        D:5 |     873 |     453 |  34.2 |      20 |       3 |  13.0
        D:6 |    1285 |       0 |   0.0 |      27 |       0 |   0.0
        D:7 |    1120 |     389 |  25.8 |      17 |       1 |   5.6
        D:8 |    2489 |    1922 |  43.6 |      24 |       8 |  25.0
        D:9 |    3160 |    1165 |  26.9 |      21 |      18 |  46.2
       D:10 |    1715 |     900 |  34.4 |      15 |       2 |  11.8
       D:11 |    2372 |     122 |   4.9 |      12 |      12 |  50.0
       D:12 |    5059 |    1879 |  27.1 |      23 |       1 |   4.2
       D:13 |    8312 |    9499 |  53.3 |      15 |      25 |  62.5
       D:14 |   10486 |     745 |   6.6 |      25 |       2 |   7.4
       D:15 |    9471 |    1079 |  10.2 |      16 |       1 |   5.9
     Lair:1 |    7559 |     684 |   8.3 |      32 |       4 |  11.1
     Lair:2 |    5909 |    1963 |  24.9 |      27 |       7 |  20.6
     Lair:3 |   11762 |    5926 |  33.5 |      24 |      16 |  40.0
     Lair:4 |    3005 |     328 |   9.8 |      12 |       2 |  14.3
     Lair:5 |    8529 |   10186 |  54.4 |      22 |      36 |  62.1
    Swamp:1 |   16736 |       0 |   0.0 |      39 |       0 |   0.0
    Swamp:2 |   16737 |       0 |   0.0 |      26 |       0 |   0.0
    Swamp:3 |   14803 |    4721 |  24.2 |      30 |       5 |  14.3
    Swamp:4 |    9370 |   11817 |  55.8 |      16 |      19 |  54.3
   Spider:1 |   26209 |   10744 |  29.1 |      78 |      22 |  22.0
   Spider:2 |   14195 |    6401 |  31.1 |      41 |      10 |  19.6
   Spider:3 |   27602 |    3936 |  12.5 |      70 |       5 |   6.7
   Spider:4 |    4801 |   20463 |  81.0 |      10 |      40 |  80.0
      Orc:1 |    2661 |    2355 |  46.9 |      31 |       2 |   6.1
      Orc:2 |    3224 |    6498 |  66.8 |      12 |      55 |  82.1
      Elf:1 |    2179 |    2506 |  53.5 |       4 |       4 |  50.0
   Vaults:1 |   11755 |   17904 |  60.4 |      23 |      48 |  67.6
   Vaults:2 |   28771 |    9496 |  24.8 |      35 |      13 |  27.1
   Vaults:3 |    6333 |    3467 |  35.4 |       7 |       4 |  36.4
      IceCv |       0 |    3911 | 100.0 |       0 |      28 | 100.0
    Volcano |       0 |    4702 | 100.0 |       0 |      10 | 100.0
            +---------+---------+-------+---------+---------+-------
